 Dungeon Crawl Stone Soup version 0.23-a0-182-g58cdd98 (webtiles) character file.

1 Amnesiac the Skirmisher (level 1, 0/18 HPs)
             Began as a Mummy Monk on Sept 20, 2018.
             Hit by a stone thrown by a hobgoblin (4 damage)
             ... on level 1 of the Dungeon.
             The game lasted 00:00:28 (116 turns).

Amnesiac the Skirmisher (Mummy Monk)                 Turns: 116, Time: 00:00:30

Health: 0/18       AC:  2    Str: 14    XL:     1   Next: 16%
Magic:  1/1        EV: 13    Int:  9    God:
Gold:   14         SH:  0    Dex: 14    Spells: 0/0 levels left

rFire    x . .     SeeInvis .   a - +0 short sword
rCold    + . .     Gourm    .   (no shield)
rNeg     + + +     Faith    .   b - +0 robe
rPois    ∞         Spirit   .   (no helmet)
rElec    .         Reflect  .   (no cloak)
rCorr    .         Harm     .   (no gloves)
MR       .....                  (no boots)
Stlth    ++........             (no amulet)
HPRegen  0.06/turn              (no ring)
MPRegen  0.07/turn              (no ring)

@: no status effects
A: no food or potions, fire vulnerability, cold resistance 1, negative energy
resistance 3, torment resistance, unbreathing
a: no special abilities


You were on level 1 of the Dungeon.
You were not hungry.

You visited 1 branch of the dungeon, and saw 1 of its levels.

You collected 14 gold pieces.

Inventory:

Hand Weapons
 a - a +0 short sword (weapon)
Armour
 b - a +0 robe (worn)
 e - a +0 cloak
Scrolls
 c - a scroll of enchant armour {!r, unknown}
 d - 3 scrolls of random uselessness {!r, unknown}


   Skills:
 + Level 3.0 Fighting
 - Level 2.4 Short Blades
 * Level 2.4 Dodging
 - Level 1.5 Stealth


You couldn't memorise any spells.
You didn't know any spells.
Your spell library was empty.

Dungeon Overview and Level Annotations

Branches:
Dungeon (1/15)

Altars:


Innate Abilities, Weirdness & Mutations

You do not eat or drink.
Your flesh is vulnerable to fire.
You are immune to poison.
Your flesh is cold resistant. (rC+)
You are immune to negative energy. (rN+++)
You are immune to unholy pain and torment.
You can survive without breathing.


Message History

You open the door.
The hobgoblin shouts!
The hobgoblin throws a stone.
The stone hits you but does no damage.
A hobgoblin is nearby!
A hobgoblin is nearby!
No reachable target in view!
The hobgoblin throws a stone.
The stone misses you.
You see here a stone.
The hobgoblin throws a stone.
The stone barely misses you.
You see here a stone.
You open the door.
There is an open door here.
The goblin shouts!
The goblin throws a stone.
The stone closely misses you.
You see here a stone.
Found a robe and a ration.
You see here a robe.
You see here a ration.
You open the door.
There is an open door here.
There is an open door here.
You see here a red potion {!q}.
The goblin shouts!
The goblin throws a stone.
The stone hits you but does no damage.
You see here a stone.
The goblin throws a stone.
The stone hits you.
You see here a stone.
The goblin throws a stone.
The stone misses you.
There is an open door here.
You open the door.
The goblin throws a stone.
The stone hits you.
You see here a stone.
The goblin throws a stone.
The stone hits you but does no damage.
You see here a stone.
The goblin throws a stone.
The stone hits you.
You see here a stone.
The goblin throws a stone.
The stone closely misses you. The goblin hits you.
A hobgoblin opens the large door.
You closely miss the goblin. The goblin hits you.
* * * LOW HITPOINT WARNING * * *
You closely miss the goblin. The goblin barely misses you.
You hit the goblin.
The goblin is moderately wounded.
The hobgoblin throws a stone.
The stone hits you.
* * * LOW HITPOINT WARNING * * *
The goblin barely misses you.
You hit the goblin.
You kill the goblin!
The hobgoblin throws a stone.
The stone hits you.
* * * LOW HITPOINT WARNING * * *
The goblin throws a stone.
The stone barely misses you.
You are too injured to fight recklessly!
You are too injured to fight recklessly!
The goblin throws a stone.
The stone hits you but does no damage.
The hobgoblin throws a stone.
The stone misses you.
You see here a stone.
The goblin hits you.
* * * LOW HITPOINT WARNING * * *
The hobgoblin throws a stone.
The stone hits you but does no damage.
You see here a stone.
You barely miss the goblin. The goblin completely misses you.
You barely miss the goblin. The goblin barely misses you.
The hobgoblin throws a stone.
The stone hits you.
You die...

##..#### ≈≈≈≈≈≈ ####..#
##.### §≈..g..≈§ ###. #.##
#........... ## ##.#
######'###### # #.######
####8'8#### #####
#.##≈..###...g.(...###...#
#.#≈≈..##.(.........##....
#.#≈...##(((.........#....
#.'≈...'8@....<......!....
#(#≈...#g....(.......#....
#.#≈≈.g##....(...(..##....
#.##§..###....(((..###...#
##.##### ###8#8'8### #####
#.# ######'###### # #.##
#..........K# ## ##.###
#≈≈≈..§§.≈≈≈# ###.
##..#####≈§≈≈≈§≈#####..#


You could see a hobgoblin and a goblin.

Vanquished Creatures
  A goblin (D:1)
1 creature vanquished.

Notes
Turn   | Place    | Note
-------+----------+-------------------------------------------
     0 | D:1      | Amnesiac the Mummy Monk began the quest for the Orb.
     0 | D:1      | Reached XP level 1. HP: 18/18 MP: 1/1
   116 | D:1      | Hit by a stone thrown by a hobgoblin

Vault maps used:
D:1:      dpeg_arrival_morbid_curiosity

Action                   || total
-------------------------++-------
Melee: Short sword       ||     6
Armor: Robe              ||     2
Dodge: Dodged            ||    11

Table legend:
 A = Non-vault XP
 B = Vault XP
 C = Vault XP percentage of total XP
 D = Non-vault monster count
 E = Vault monster count
 F = Vault count percentage of total count
                 A         B        C        D         E       F
            +---------+---------+-------+---------+---------+-------
      Total |       0 |       2 | 100.0 |       0 |       1 | 100.0
            +---------+---------+-------+---------+---------+-------
        D:1 |       0 |       2 | 100.0 |       0 |       1 | 100.0
            +---------+---------+-------+---------+---------+-------
